 Dungeon Crawl Stone Soup version 0.29.1 (webtiles) character file.

Game seed: 14000291263622959296

35 qw the Chopper (level 3, -6/23 HPs)
             Began as a Gargoyle Fighter on Sept 13, 2022.
             Mangled by Sigmund
             ... wielding a +0 scythe
              (7 damage)
             ... on level 2 of the Dungeon.
             The game lasted 00:00:18 (745 turns).

qw the Chopper (Gargoyle Fighter)                    Turns: 745, Time: 00:00:19

Health: -6/23      AC: 13    Str: 21    XL:     3   Next: 33%
Magic:  3/3        EV:  7    Int:  8    God:
Gold:   41         SH:  4    Dex:  9    Spells: 2/2 levels left

rFire   . . .      SeeInvis .   Y - +0 war axe
rCold   . . .      Faith    .   c - +0 buckler
rNeg    + . .      Spirit   .   e - +0 chain mail
rPois   inf        Reflect  .   (no helmet)
rElec   +          Harm     .   (no cloak)
rCorr   .          Rampage  .   (no gloves)
Will    .....                   h - +0 pair of boots
Stlth   ..........              (no amulet)
HPRegen 0.07/turn               (no ring)
MPRegen 0.08/turn               (no ring)

@: no status effects
A: sickness immunity, AC +3, negative energy resistance 1, electricity
resistance, torment resistance 1, petrification resistance
a: no special abilities


You were on level 2 of the Dungeon.
You visited 1 branch of the dungeon, and saw 2 of its levels.

You collected 41 gold pieces.


Innate Abilities, Weirdness & Mutations

You are immune to sickness and miasma.
Your stone body is resilient. (AC +3)
You are immune to poison.
You resist negative energy. (rN+)
You are resistant to electric shocks. (rElec)
You are resistant to unholy torment.
You are immune to petrification.


   Skills:
 - Level 3.2 Fighting
 + Level 3.3 Axes
 - Level 3.2 Armour
 - Level 3.2 Shields


You had 2 spell levels left.
You didn't know any spells.
Your spell library was empty.

Inventory:

Hand Weapons
 i - a +0 whip
 Y - a +0 war axe (weapon)
Armour
 c - a +0 buckler (worn)
 e - a +0 chain mail (worn)
 h - a +0 pair of boots (worn)
Potions
 d - a potion of might
 f - a potion of brilliance {unknown}
 g - a potion of berserk rage {unknown}

Dungeon Overview and Level Annotations

Branches:
Dungeon (2/15)

Altars:

Annotations:
D:2 Sigmund


Message History

You are confused.
You're too confused to attack without stumbling around!
There is a strange disturbance nearby!
Something hits you.
You're too confused to attack without stumbling around!
There is a strange disturbance nearby!
You hear some strange, mumbled words.
A magic dart appears from out of thin air!
The magic dart hits you but does no damage.
You're too confused to attack without stumbling around!
There is a strange disturbance nearby!
Something hits you!
You're too confused to attack without stumbling around!
There is a strange disturbance nearby!
You're too confused to attack without stumbling around!
There is a strange disturbance nearby!
You feel less confused.
You hear some strange, mumbled words.
You are confused.
You're too confused to attack without stumbling around!
There is a strange disturbance nearby!
Something hits you but does no damage.
You're too confused to attack without stumbling around!
There is a strange disturbance nearby!
Something hits you but does no damage.
You're too confused to attack without stumbling around!
There is a strange disturbance nearby!
You're too confused to attack without stumbling around!
There is a strange disturbance nearby!
Something hits you.
You're too confused to attack without stumbling around!
There is a strange disturbance nearby!
Something hits you but does no damage.
You're too confused to attack without stumbling around!
There is a strange disturbance nearby!
You're too confused to attack without stumbling around!
There is a strange disturbance nearby!
You feel less confused. Something hits you!
You die...

#......
#......###
#.....#
#.###.###
#<#...#
#.###.#
#.# #)#
#(###.#
#.@{..#
#######


There were no monsters in sight!

Vanquished Creatures
  Terence (D:2)
  A dart slug (D:1)
  2 endoplasms (D:1)
  A giant cockroach (D:1)
  A quokka (D:1)
  A ball python (D:1)
  3 bats (D:1)
  A frilled lizard (D:1)
11 creatures vanquished.

Notes
Turn   | Place    | Note
-------+----------+-------------------------------------------
     0 | D:1      | qw the Gargoyle Fighter began the quest for the Orb.
     0 | D:1      | Reached XP level 1. HP: 14/14 MP: 1/1
     0 | D:1      | 0 ||| qw: Version: 0.1-a-119-g272c26d
     0 | D:1      | 0 ||| qw: Game counter: 11084
     0 | D:1      | 0 ||| qw: Always use a shield: true
     0 | D:1      | 0 ||| qw: God list: Okawaru
     0 | D:1      | 0 ||| qw: Allow faded altars: false
     0 | D:1      | 0 ||| qw: Do Orc after D:15 true
     0 | D:1      | 0 ||| qw: Do second Lair branch before Depths: true
     0 | D:1      | 0 ||| qw: Lair rune preference: random
     0 | D:1      | 0 ||| qw: Plans: Normal, Zot, God:TSO, Crypt, Tomb, Pan,
                  | Slime, Hells, Zig, Abyss, Orb
     0 | D:1      | 0 ||| PLANNING D:1-11
    41 | D:1      | Found a faded altar of an unknown god.
   154 | D:1      | 154 ||| DROPPING +0 club.
   199 | D:1      | Reached XP level 2. HP: 19/19 MP: 2/2
   518 | D:1      | 518 ||| UPGRADING to +0 chain mail.
   528 | D:1      | 528 ||| DROPPING +0 scale mail.
   529 | D:1      | 529 ||| UPGRADING to +0 pair of boots.
   534 | D:1      | 534 ||| READING scroll labelled WUIN SOVUZ.
   535 | D:1      | 535 ||| READING scroll labelled QOUSIO ROPPUGI.
   582 | D:2      | Noticed Terence
   583 | D:2      | 583 ||| FLEEEEING.
   599 | D:2      | Killed Terence
   600 | D:2      | Reached skill level 3 in Axes
   600 | D:2      | Reached XP level 3. HP: 20/23 MP: 3/3
   638 | D:2      | Noticed Sigmund
   639 | D:2      | 639 ||| FLEEEEING.
   647 | D:2      | 647 ||| STAIRDANCE
   736 | D:2      | HP: 3/23 [something (7)]
   742 | D:2      | HP: 1/23 [something (2)]
   745 | D:2      | Mangled by Sigmund

Levels and vault maps discovered:
D:1:      pf_arrival_petrified_forest, layout_basic,
          shapermc_ecumenical_altar_pompeii
D:2:      layout_basic, lexackson_kobold_supper, uniq_robin, uniq_terence,
          uniq_jessica, uniq_sigmund

Skill      XL: |  1  2 |
---------------+-------+-----
Axes           | 2 3 |  3.3
Fighting       | |  3.2
Armour         | |  3.2
Shields        | |  3.2

Action                   || total
-------------------------++-------
Melee: War axe           ||    40
  Use: Scroll            ||     2
Armor: Scale mail        ||    16
       Chain mail        ||     6
Dodge: Dodged            ||    21
Block: Buckler           ||     7

Table legend:
 A = Non-vault XP
 B = Vault XP
 C = Vault XP percentage of total XP
 D = Non-vault monster count
 E = Vault monster count
 F = Vault count percentage of total count
                 A         B        C        D         E       F
            +---------+---------+-------+---------+---------+-------
      Total |      18 |      32 |  64.0 |      10 |       1 |   9.1
            +---------+---------+-------+---------+---------+-------
        D:1 |      18 |       0 |   0.0 |      10 |       0 |   0.0
        D:2 |       0 |      32 | 100.0 |       0 |       1 | 100.0
            +---------+---------+-------+---------+---------+-------
